 Dungeon Crawl Stone Soup version 0.30-a0-830-gfe289a77b0 (webtiles) character file.

Game seed: 18368772047399508497

137 lunkers the Slasher (level 5, -4/45 HPs)
             Began as a Meteoran Fighter on Feb 28, 2023.
             Was a Plaything of Xom.
             Slain by an ogre
             ... wielding a +0 giant club
              (6 damage)
             ... on level 4 of the Dungeon.
             The game lasted 00:03:47 (1179 turns).

lunkers the Slasher (Meteoran Fighter)              Turns: 1179, Time: 00:03:48

Health: -4/45      AC:  8    Str: 17    XL:     5   Next: 73%
Magic:  0/6        EV:  9    Int:  9    God:    Xom [..*...]
Gold:   94         SH:  5    Dex: 16    Spells: 4/4 levels left

rFire   . . .      SeeInvis .    a - +0 long sword
rCold   . . .      Faith    .    c - +0 buckler
rNeg    . . .      Spirit   +    b - +0 scale mail
rPois   .          Reflect  .    k - +0 helmet
rElec   .          Harm     .    (no cloak)
rCorr   .          Rampage  .    (no gloves)
Will    .....                    (no boots) Stlth
                                 j - amulet of guardian spirit
HPRegen 0.27/turn                (no ring)
MPRegen 0.10/turn                (no ring)

@: glowing
A: sense surroundings 1, otherworldly, glowing, explore regen
a: Renounce Religion


You were on level 4 of the Dungeon.
You worshipped Xom.
You were a toy of Xom.
You visited 1 branch of the dungeon, and saw 4 of its levels.

You collected 94 gold pieces.

Inventory:

Hand Weapons
 a - a +0 long sword (weapon)
Armour
 b - a +0 scale mail (worn)
 c - a +0 buckler (worn)
 k - a +0 helmet (worn)
Jewellery
 j - an amulet of guardian spirit (around neck)
Scrolls
 e - a scroll of summoning {unknown}
 g - 3 scrolls of identify {unknown}
 h - a scroll of magic mapping {unknown}
 i - 2 scrolls of enchant weapon {unknown}
Potions
 d - a potion of might
 f - a potion of resistance {unknown}
 l - a potion of lignification {unknown}
 m - 2 potions of haste


   Skills:
 - Level 3.2 Fighting
 + Level 6.3 Long Blades
 - Level 3.6 Armour
 - Level 3.6 Shields


You had 4 spell levels left.
You didn't know any spells.
Your spell library contained the following spells:

 Spells                   Type           Power      Damage    Failure   Level
 Slow                     Hex            0%         N/A       87%         1
 Call Canine Familiar     Summ           0%         N/A       99%         3
 Confusing Touch          Hex            0%         N/A       99%         3
 Portal Projectile        Hex/Tloc       0%         N/A       99%         3
 Vampiric Draining        Necr           0%         2d6       99%         3
 Leda's Liquefaction      Hex/Erth       0%         N/A       100%        4


Dungeon Overview and Level Annotations

Branches:
Dungeon (4/15) Zot: 1171
 Temple: D:4-7

Altars:
Cheibriados
Sif Muna
Xom
Yredelemnul

Shops:
D:2 (


Innate Abilities, Weirdness & Mutations

You passively map a small area around you.
You are easily found by Zot.
You glow in the dark.
You regain HP and MP as you explore.


Message History

No target in view!
No target in view!
No target in view!
No target in view!
No target in view!
No target in view!
No target in view!
No target in view!
No target in view!
No target in view!
Magic restored.
HP restored.
Found a stone staircase leading up.
No target in view!
You pick up a book of the Hunter and begin reading...
You add the spells Call Canine Familiar, Portal Projectile and Leda's Liquefaction to your library.
No target in view!
An ogre comes into view. It is wielding a +0 giant club.
The ogre shouts!
Xom makes a sudden noise!
You hear a splashing noise.
You hear a shout! x4
Found a scroll labelled DOH GASTRYX.
Found a stone staircase leading down.
The ogre hits you with a +0 giant club.
You closely miss the ogre. The ogre hits you with a +0 giant club.
You barely miss the ogre.
The ogre hits you with a +0 giant club!!
Ouch! That really hurt!
* * * LOW HITPOINT WARNING * * *
You emit a cloud of colourful smoke!
You barely miss the ogre. You slash the ogre!
The ogre is moderately wounded.
The ogre hits you with a +0 giant club!
* * * LOW MAGIC WARNING * * *
* * * LOW HITPOINT WARNING * * *
You slash the ogre!
The ogre is heavily wounded.
The ogre hits you with a +0 giant club!
* * * LOW MAGIC WARNING * * *
You die...
Xom chortles!

...#...........#
>.......##.##...<##
........####....##
.........#......##
.................#
* #?....##........#
, ,
,#............####
#.....§☼......# ,
** #O@§....### * ,
#....#### ,
#......# ##.....# ,
* ####### *


You could see an ogre.

Vanquished Creatures
  An orc priest (D:3)
  An iguana (D:4)
  A mummy (D:3)
  An adder (D:3)
  An adder zombie (D:3)
  2 worms
  A dart slug (D:3)
  2 orcs (D:3)
  3 ball pythons
  6 endoplasms
  2 giant cockroaches
  3 goblins (D:2)
  3 hobgoblins
  6 jackals (D:2)
  2 kobolds
  A quokka (D:2)
  3 ball python zombies (D:3)
  4 bats
  2 frilled lizards
  4 rats
49 creatures vanquished.

Notes
Turn   | Place    | Note
-------+----------+-------------------------------------------
     0 | D:1      | lunkers the Meteoran Fighter began the quest for the Orb.
     0 | D:1      | Reached XP level 1. HP: 19/19 MP: 2/2
   155 | D:1      | Reached skill level 3 in Long Blades
   155 | D:1      | Reached XP level 2. HP: 26/26 MP: 3/3
   194 | D:1      | You fall into a shaft and drop 1 floor!
   342 | D:2      | Found Afotutig's Weapon Shop.
   451 | D:2      | Found a faded altar of an unknown god.
   460 | D:2      | Prayed at the altar of an unknown god.
   460 | D:2      | Became a worshipper of Xom the Capricious
   510 | D:2      | Reached XP level 3. HP: 25/31 MP: 2/4
   515 | D:2      | Reached skill level 4 in Long Blades
   687 | D:3      | XOM: potion effect (berserk rage)
   690 | D:3      | XOM: divination: detect items
   695 | D:3      | Reached skill level 5 in Long Blades
   695 | D:3      | Reached XP level 4. HP: 9/38 MP: 1/5
   705 | D:3      | Found a snail-covered altar of Cheibriados.
   717 | D:3      | XOM: divination: detect creatures
   786 | D:3      | Reached XP level 5. HP: 39/45 MP: 6/6
   812 | D:3      | Found a shimmering blue altar of Sif Muna.
   978 | D:3      | Found a basalt altar of Yredelemnul.
  1009 | D:3      | Reached skill level 6 in Long Blades
  1125 | D:4      | XOM: silly message
  1171 | D:4      | Noticed an ogre
  1171 | D:4      | XOM: noise
  1176 | D:4      | XOM: smoke on damage
  1178 | D:4      | HP: 2/45 [ogre/+0 giant club (10)]
  1179 | D:4      | Slain by an ogre

Illustrated notes

Levels and vault maps discovered:
D:1:      dpeg_arrival_solitude, layout_basic, chequers_serial_rivers_room_a,
          kennysheep_minor_cross
D:2:      layout_loops_cross, shapermc_ecumenical_altar_notcrosses,
          serial_shops, nicolae_shop_bloodbath_and_beyond
D:3:      layout_loops_ring, mainiacjoe_overflow_cross_hatched,
          grunt_dithmenos_smoke, nicolae_yredelemnul_corpse_copse, slow_altar_1,
          kennysheep_nub
D:4:      layout_cave_pools, uniq_pikel

Skill      XL: |  1  2  3  4  5 |
---------------+----------------+-----
Long Blades    | 3 5 6 |  6.3
Fighting       | |  3.2
Armour         | |  3.6
Shields        | |  3.6

Action                     |  1- 3 |  4- 6 || total
---------------------------+-------+-------++-------
  Melee: Long sword        |    91 |    96 ||   187
 Armour: Scale mail        |    65 |    58 ||   123
  Dodge: Dodged            |    47 |    29 ||    76
  Block: Buckler           |    23 |    18 ||    41

Table legend: (Time is in decaauts)
 A = Elapsed time spent in this place.
 B = Non-inter-level travel time spent in this place.
 C = Inter-level travel time spent in this place.
 D = Time resting spent in this place.
 E = Time spent auto-exploring this place.
 F = Levels seen in this place.
 G = Mean time per level.
                   A        B        C        D        E       F      G
               +--------+--------+--------+--------+--------+-----+--------+
         Total |   1227 |   1206 |     21 |      0 |    795 |   4 |  306.8 |
       Dungeon |   1227 |   1206 |     21 |      0 |    795 |   4 |  306.8 |
               +--------+--------+--------+--------+--------+-----+--------+

Top non-repeatable levels by time:
     D:2: 485 daAuts
     D:3: 477 daAuts
     D:1: 202 daAuts
     D:4: 62 daAuts
